 Dungeon Crawl Stone Soup version 0.21.1-1-g345015fe64 (webtiles) character file.

98 Htamos the Ruffian (level 4, -6/29 HPs)
             Began as a Gargoyle Berserker on July 6, 2018.
             Was a Believer of Trog.
             Killed by divine providence
             ... invoked by an orc priest
              (12 damage)
             ... on level 3 of the Dungeon.
             The game lasted 00:05:30 (2562 turns).

Htamos the Ruffian (Gargoyle Berserker)             Turns: 2562, Time: 00:05:31

Health: -6/29      AC: 11    Str: 21    XL:     4   Next: 71%
Magic:  4/4        EV: 11    Int:  8    God:    Trog [**....]
Gold:   91         SH:  0    Dex:  9    Spells: 3/3 levels left

rFire    . . .     SeeInvis .   p - +3 dagger (speed)
rCold    . . .     Gourm    .   (no shield)
rNeg     + . .     Faith    .   n - +0 ring mail (curse)
rPois    ∞         Spirit   .   q - +1 helmet
rElec    +         Reflect  .   (no cloak)
rCorr    .         Harm     .   (no gloves)
MR       .....                  (no boots)
Stlth    ..........             (no amulet)
HPRegen  0.09/turn              (no ring)
MPRegen  0.09/turn              (no ring)

@: no status effects
A: negative energy resistance 1, electricity resistance, unbreathing,
petrification resistance, rot immunity, AC +3
a: Berserk, Trog's Hand, Burn Spellbooks, Renounce Religion


You were on level 3 of the Dungeon.
You worshipped Trog.
Trog was pleased with you.
You were not hungry.

You visited 1 branch of the dungeon, and saw 3 of its levels.

You collected 91 gold pieces.

Inventory:

Hand Weapons
 p - a +3 dagger of speed (weapon)
Armour
 a - a +0 animal skin
 n - a cursed +0 ring mail (worn)
 q - a +1 helmet (worn)
Jewellery
 d - a +3 amulet of reflection {unknown}
 h - a cursed -2 ring of evasion {unknown}
 k - an uncursed amulet of rage
 l - an uncursed ring of flight {unknown}
Scrolls
 f - a scroll of remove curse {unknown}
Potions
 c - a potion of curing {unknown}
 e - a potion of agility {unknown}
 g - a potion of haste {unknown}
 i - 2 potions of degeneration {unknown}
 j - a potion of lignification {unknown}
 o - 2 potions of might {unknown}
Comestibles
 b - 3 rations
 m - a chunk of flesh


   Skills:
 + Level 3.9 Fighting
 - Level 2.1 Armour
 - Level 1.5 Dodging
 * Level 4.9 Unarmed Combat


You had 3 spell levels left.
You didn't know any spells.

Dungeon Overview and Level Annotations

Branches:
Dungeon (3/15)

Altars:
Xom


Innate Abilities, Weirdness & Mutations

You are resistant to torment.
Your stone body is resilient. (AC +3)
You are immune to poison.
You resist negative energy. (rN+)
You are resistant to electric shocks. (rElec)
You can survive without breathing.
You are immune to petrification.
You are immune to rotting.


Message History

The orc hits you. The orc priest hits you with a whip.
* * * LOW HITPOINT WARNING * * *
You hit the orc priest.
The orc priest is almost dead.
The orc barely misses you.
You barely miss the orc priest.
The orc priest is almost dead.
The orc priest casts a cantrip, but nothing happens.
You closely miss the orc priest.
The orc priest is almost dead.
The orc misses you.
The orc priest hits you but does no damage.
You closely miss the orc priest.
The orc priest is almost dead.
The orc barely misses you.
You closely miss the orc priest.
The orc priest is almost dead.
The orc priest calls down the wrath of Beogh upon you.
Beogh smites you!
You die...

###+######
.........######
.........##...#
.........##.#.#
.......oo...#.#
.....##'#.#)#.#
### #....#oo.#
######@### #.#
#.# #.#####
#..)..#
#######.#
#..)....#
#.#######
####.#


You could see an orc priest and an orc.

Vanquished Creatures
  Robin (D:2)
  2 adders
  An ooze (D:3)
  2 worms (D:3)
  2 dart slugs
  A leopard gecko (D:2)
  An orc (D:3)
  A giant cockroach (D:1)
  13 goblins
  7 hobgoblins
  A quokka (D:2)
  4 bats
  4 frilled lizards
  9 kobolds
  4 rats
53 creatures vanquished.

Notes
Turn   | Place    | Note
-------+----------+-------------------------------------------
     0 | D:1      | Htamos the Gargoyle Berserker began the quest for the Orb.
     0 | D:1      | Reached XP level 1. HP: 14/14 MP: 1/1
   365 | D:1      | Reached XP level 2. HP: 19/19 MP: 2/2
  1339 | D:2      | Reached ** piety under Trog
  1354 | D:2      | Reached XP level 3. HP: 23/23 MP: 3/3
  1425 | D:2      | Noticed Robin
  1429 | D:2      | Reached skill level 4 in Unarmed Combat
  1820 | D:2      | Reached XP level 4. HP: 28/29 MP: 4/4
  1836 | D:2      | Killed Robin
  2321 | D:3      | Found a shimmering altar of Xom.
  2562 | D:3      | Killed from afar by an orc priest

Skill      XL: |  1  2  3 |
---------------+----------+-----
Unarmed Combat | 4 |  4.9
Fighting       | |  3.9
Armour         | |  2.1
Dodging        | |  1.5

Action                   |  1- 3 |  4- 6 || total
-------------------------+-------+-------++-------
Melee: Unarmed           |   148 |     8 ||   156
       Punch             |     2 |     1 ||     3
       Dagger            |       |    48 ||    48
  Use: Scroll            |       |     6 ||     6
 Stab: Sleeping          |     1 |       ||     1
  Eat: Ration            |     1 |       ||     1
       Chunk             |       |     2 ||     2
Armor: Animal skin       |    57 |     2 ||    59
       Ring mail         |       |    12 ||    12
Dodge: Dodged            |   113 |    13 ||   126
